 Dungeon Crawl Stone Soup version 0.20-a0-772-g73021bd (webtiles) character file.

69 Minion the Conjurer (level 4, 0/33 HPs)
             Began as a Draconian Conjurer on Feb 27, 2017.
             Was an Initiate of Ashenzari.
             Succumbed to a worker ant's poison
             ... on level 2 of the Dungeon.
             The game lasted 00:04:53 (1619 turns).

Minion the Conjurer (Draconian Conjurer)            Turns: 1619, Time: 00:04:54

Health: 0/33       AC:  5    Str: 14 (15) XL:     4   Next: 2%
Magic:  0/8        EV: 17    Int: 13 (16) God:    Ashenzari [......]
Gold:   73         SH:  0    Dex: 15 (16) Spells: 8/9 levels left

rFire    . . .     SeeInvis .   (no weapon)
rCold    + . .     Gourm    .   (armour unavailable)
rNeg     . . .     Faith    .   (no shield)
rPois    .         Spirit   .   (helmet restricted)
rElec    .         Reflect  .   h - scarf {rC+} (curse)
rCorr    .         Harm     .   (no gloves)
MR       .....                  (no boots)
Stlth    +++.......             (no amulet)
Regen    0.2/turn               (no ring)
MPRegen  0.2/turn               j - +4 ring of strength

@: agile, lethally poisoned (0 -> -7)
A: unfitting armour, cold-blooded, AC +5
a: Curse Item, Renounce Religion


You were on level 2 of the Dungeon.
You worshipped Ashenzari.
Ashenzari was noncommittal.
You were not hungry.

You visited 1 branch of the dungeon, and saw 3 of its levels.

You collected 73 gold pieces.

Inventory:

Armour
 h - a cursed scarf of cold resistance (worn)
Jewellery
 j - a +4 ring of strength (left hand)
Scrolls
 d - a scroll of enchant weapon {unknown}
 g - a scroll of amnesia {unknown}
 k - a scroll of remove curse
Potions
 i - a potion of degeneration
Books
 a - a book of Conjurations

   Spells                             Type                      Level
   a - Magic Dart                     Conjuration                  1
   b - Searing Ray                    Conjuration                  2
   c - Dazzling Spray                 Conjuration/Hexes            3
   d - Fulminant Prism                Conjuration/Hexes            4
   e - Force Lance                    Conjuration/Translocation    4
   f - Iskenderun's Mystic Blast      Conjuration                  4
Comestibles
 b - 2 bread rations
 c - a chunk of flesh


   Skills:
 - Level 1.7 Dodging
 - Level 1.7 Stealth
 + Level 3.1 Spellcasting
 + Level 4.8 Conjurations


You had 8 spell levels left.
You knew the following spells:

 Your Spells              Type           Power        Failure   Level  Hunger
a - Magic Dart            Conj           ##..         3%          1    #......


Dungeon Overview and Level Annotations

Branches:
Dungeon (3/15)

Altars:
Ashenzari
Cheibriados
Hepliaklqana


Innate Abilities, Weirdness & Mutations

Your plain brown scales are hard. (AC +5)
You cannot fit into any form of body armour.
You are cold-blooded and may be slowed by cold attacks.


Message History

Press: ? - help, Shift-Dir - straight line, f/p - worker ant
Aim: a worker ant (almost dead)
The magic dart hits the worker ant.
The worker ant is almost dead.
* * * LOW HITPOINT WARNING * * *
You feel sick. The worker ant misses you.
Casting: Magic Dart
Confirm with . or Enter, or press ? or * to list all spells.
You don't have enough magic to cast that spell.
Casting: Magic Dart
Confirm with . or Enter, or press ? or * to list all spells.
You don't have enough magic to cast that spell.
Why would you want to do that?
You closely miss the worker ant.
The worker ant is almost dead.
* * * LOW HITPOINT WARNING * * *
You feel sick. The worker ant closely misses you.
You barely miss the worker ant.
The worker ant is almost dead.
You die...

##.##...#
##..##...#
...#######
#########
.###
##...#...##
.####
##.........##
.#..#
#........(..#
.#..#
#..........>#
##..##
#...........#
#...###
##.....@...##
#.#...#
##....a..##
#.###.#
###..####
##.# #.#
##..# #..#
#.# #...#
#.## #.#
#.#.# <.# #.#
#.#.# ### #.#
#.#.## ## #.#
#.#..##


You could see a worker ant.

Vanquished Creatures
  2 adders
  An ooze (D:1)
  A worm (D:2)
  A dart slug (D:2)
  3 leopard geckos
  A giant cockroach (D:2)
  5 goblins
  7 hobgoblins
  2 jackals (D:2)
  5 bats
  5 frilled lizards
  3 kobolds (D:1)
  3 rats
39 creatures vanquished.

Notes
Turn   | Place    | Note
-------+----------+-------------------------------------------
     0 | D:1      | Minion the Draconian Conjurer began the quest for the Orb.
     0 | D:1      | Reached XP level 1. HP: 14/14 MP: 3/3
   183 | D:1      | Reached XP level 2. HP: 20/20 MP: 0/5
   550 | D:1      | Found a shattered altar of Ashenzari.
   562 | D:1      | Became a worshipper of Ashenzari the Shackled
  1012 | D:2      | Reached XP level 3. HP: 23/26 MP: 2/7
  1134 | D:2      | Found a snail-covered altar of Cheibriados.
  1455 | D:3      | Found a hazy altar of Hepliaklqana.
  1566 | D:3      | Reached XP level 4. HP: 18/33 MP: 4/8
  1618 | D:2      | HP: 1/33 [poisoned by a worker ant]
  1619 | D:2      | Succumbed to a worker ant's poison

Vault maps used:
D:1:      eino_arrival_tree_alley, evilmike_ruin_ashenzari
D:2:      kennysheep_slug_shrine
D:3:      overflow_temple_1_default, lemuel_round_altar, first_bread,
          gup_sewer_entry_bowl, minmay_fountain_box, guppyfry_early_lair_pool

Skill      XL: |  1  2  3 |
---------------+----------+-----
Spellcasting   | 3 |  3.1
Dodging        | |  1.7
Stealth        | |  1.7
Conjurations   | |  4.8

Action                   |  1- 3 |  4- 6 || total
-------------------------+-------+-------++-------
Melee: Unarmed           |   104 |    14 ||   118
       Tailslap          |    15 |     2 ||    17
 Cast: Magic Dart        |    62 |    14 ||    76
Invok: Curse Item        |     1 |       ||     1
  Use: Potion            |       |     3 ||     3
 Stab: Sleeping          |     1 |       ||     1
  Eat: Chunk             |     3 |       ||     3
Armor: Skin              |    47 |     6 ||    53
Dodge: Dodged            |    83 |    38 ||   121
